 Dungeon Crawl Stone Soup version 0.31-a0-705-ga145531891 (webtiles) character file.

Game seed: 16582902242009357324

14 Bravepunisher the Ducker (level 2, -1/16 HPs)
             Began as a Spriggan Monk on Sept 9, 2023.
             Slain by a sky beast (5 damage)
             ... on level 7 of the Dungeon.
             The game lasted 00:02:38 (433 turns).

Bravepunisher the Ducker (Spriggan Monk)             Turns: 433, Time: 00:02:39

Health: -1/16      AC:  2    Str:  7    XL:     2   Next: 31%
Magic:  3/3        EV: 19    Int: 11    God:
Gold:   19         SH:  0    Dex: 17    Spells: 1/1 levels left

rFire   . . .        a - +0 short sword
rCold   . . .        d - orb {light}
rNeg    . . .        b - +0 robe
rPois   .            (helmet restricted)
rElec   .            (no cloak)
rCorr   .            (gloves unavailable)
SInv    +            (boots unavailable)
Will    .....        (no amulet)
Stlth   +            (no ring)
HPRegen 0.22/turn    (no ring)
MPRegen 0.08/turn

%: no passive effects
@: glowing, very quick
A: very small, no large weapons, unfitting armour, see invisible, speed 3
a: no special abilities


You were on level 7 of the Dungeon.
You visited 1 branch of the dungeon, and saw 7 of its levels.

You collected 19 gold pieces.

Inventory:

Hand Weapons
 a - a +0 short sword (weapon)
Armour
 b - a +0 robe (worn)
 d - an orb of light (worn)
Scrolls
 f - a scroll of revelation {unknown}
Potions
 c - a potion of ambrosia
 e - 2 potions of lignification {unknown}


   Skills:
 + Level 2.6 Fighting
 - Level 3.2 Short Blades
 * Level 4.7 Dodging


You had one spell level left.
You didn't know any spells.
Your spell library was empty.

Dungeon Overview and Level Annotations

Branches:
Dungeon (7/15)
 Temple: D:4-7

Altars:

Annotations:
D:5 2 runed translucent doors, Dowan, Duvessa
D:6 3 runed translucent doors, Grinder; hattop's ghost, novice TeMo


Innate Abilities, Weirdness & Mutations

You are very small and have problems with some larger weapons.
You are too small for most types of armour.
You have supernaturally acute eyesight. (SInv)
You cover ground extremely quickly. (Speed+++)


Message History

There is a stone staircase leading down here.
You climb downwards.
Found a leather armour.
There is a stone staircase leading up here.
The iguana hisses angrily.
Found a scroll labelled CIBIXK XAEPLIF.
Found a runed translucent gate.
Found a stone and 8 gold pieces.
Grinder comes into view.
Found 22 gold pieces.
Grinder shouts!
Found 7 gold pieces, 8 large rocks, a mace and 2 stones.
Found a stone staircase leading down.
Grinder blinks!
There is a stone staircase leading down here.
You climb downwards.
Found a stone.
There is a stone staircase leading up here.
As you open the door, it creaks loudly!
There is an open door here.
Found a scroll labelled WIWOISK COIFUZ.
You open the door.
There is an open door here.
An orc comes into view. It is wielding a +0 war axe.
The orc shouts!
You hear a shout! x4 2 orcs come into view.
Found a pair of gloves.
The orc shouts! x2
An orc comes into view. It is wielding a +0 dagger.
There is an open door here.
You see here a scroll labelled WIWOISK COIFUZ.
You open the door.
There is an open door here.
A sky beast comes into view.
The sky beast hits you. The sky beast shocks you.
The sky beast flickers out of sight for a moment.
The sky beast hits you.
* * * LOW HITPOINT WARNING * * *
The sky beast shocks you.
You die...

.#
...#######
.......
##...##
#...@.#
##..Y##
##.## #.# .
#.# #.
##'## ...
##...##
....
##.?...##
o....
##.......##


You could see a sky beast (invisible).

Vanquished Creatures
  An adder (D:5)
  4 jackals (D:2)
5 creatures vanquished.

Notes
Turn   | Place    | Note
-------+----------+-------------------------------------------
     0 | D:1      | Bravepunisher the Spriggan Monk began the quest for the
                  | Orb.
     0 | D:1      | Reached XP level 1. HP: 11/11 MP: 2/2
    75 | D:4      | Noticed a jelly
    82 | D:4      | Noticed an iguana
   101 | D:4      | Noticed an iguana
   142 | D:5      | Entered Level 5 of the Dungeon
   155 | D:5      | Noticed an orc wizard
   186 | D:5      | Noticed an ogre
   188 | D:5      | Reached XP level 2. HP: 6/16 MP: 3/3
   266 | D:5      | Noticed Duvessa
   267 | D:5      | Noticed Dowan
   283 | D:4      | Noticed an ogre
   318 | D:5      | Noticed an ogre
   319 | D:5      | Found a runed translucent door.
   327 | D:5      | Found a runed translucent door.
   327 | D:5      | Noticed a scorpion
   328 | D:5      | Noticed a scorpion
   328 | D:5      | Noticed a scorpion
   328 | D:5      | Noticed a scorpion
   328 | D:5      | Noticed a vampire mosquito
   328 | D:5      | Noticed a scorpion
   328 | D:5      | Noticed a scorpion
   329 | D:5      | Noticed a scorpion
   329 | D:5      | Noticed a killer bee
   329 | D:5      | Noticed a scorpion
   329 | D:5      | Noticed a scorpion
   345 | D:5      | Noticed a scorpion
   387 | D:6      | Found a runed translucent gate.
   388 | D:6      | Found a runed translucent gate.
   390 | D:6      | Found a runed translucent gate.
   391 | D:6      | Noticed Grinder
   392 | D:6      | Noticed hattop's ghost (novice TeMo)
   430 | D:7      | Noticed a sky beast
   433 | D:7      | Slain by a sky beast

Illustrated notes

Levels and vault maps discovered:
D:1:      minmay_arrival_split_and_join, layout_basic, minmay_worlds_worst_comb
D:2:      layout_basic, serial_shops, nicolae_shop_crystal,
          nicolae_ecumenical_lake_church
D:3:      layout_basic
D:4:      layout_basic
D:5:      lemuel_insect_pit, layout_basic, nrook_loot_triangle,
          nicolae_specific_store, minivault_24, uniq_duvessa, uniq_menkaure,
          uniq_sigmund
D:6:      layout_basic, grunt_temple_overflow_open, serial_shops,
          shop_fountains, ebering_ghost_rock_garden, serial_co_window_serial,
          co_window_paths_b, co_window_paths_b, co_window_paths_b,
          co_window_paths_a, co_window_cross_1, co_window_broadway_a,
          co_window_cross_2, co_window_of_opportunity_c,
          co_window_of_opportunity_c, co_window_unsneaky_path_e,
          co_window_of_opportunity_c, co_window_corner_b, co_window_paths_e,
          glass_columns_a, serial_bayou_pond_e, kennysheep_generic_room_5,
          uniq_grinder
D:7:      layout_loops_corners, minmay_temple_entry_large_hall,
          minmay_misc_feat_four_crosses, uniq_prince_ribbit1, uniq_pikel,
          uniq_crazy_yiuf_cottage

Action                     || total
---------------------------++-------
  Melee: Short sword       ||    28
 Armour: Robe              ||    11
  Dodge: Dodged            ||    29

Table legend: (Time is in decaauts)
 A = Elapsed time spent in this place.
 B = Non-inter-level travel time spent in this place.
 C = Inter-level travel time spent in this place.
 D = Time resting spent in this place.
 E = Time spent auto-exploring this place.
 F = Levels seen in this place.
 G = Mean time per level.
                   A        B        C        D        E       F      G
               +--------+--------+--------+--------+--------+-----+--------+
         Total |    276 |    276 |      0 |      0 |     21 |   7 |   39.4 |
       Dungeon |    276 |    276 |      0 |      0 |     21 |   7 |   39.4 |
               +--------+--------+--------+--------+--------+-----+--------+

Top non-repeatable levels by time:
     D:5: 116 daAuts
     D:4: 56 daAuts
     D:2: 34 daAuts
     D:6: 32 daAuts
     D:7: 18 daAuts
     D:1: 12 daAuts
     D:3: 5 daAuts
